 Dungeon Crawl Stone Soup version 0.26.1-11-gd32895ea62 (webtiles) character file.

Game seed: 7295500469322945078

130 raph the Firebug (level 5, -1/28 HPs)
             Began as a Tengu Fire Elementalist on May 2, 2021.
             Slain by a centaur (6 damage)
             ... on level 3 of the Dungeon.
             The game lasted 00:06:06 (2807 turns).

raph the Firebug (Tengu Fire Elementalist)          Turns: 2807, Time: 00:06:08

Health: -1/28      AC:  3    Str:  8    XL:     5   Next: 14%
Magic:  14/18      EV: 15    Int: 16    God:
Gold:   170        SH:  5    Dex: 15    Spells: 4/8 levels left

rFire    . . .     SeeInvis .   i - +1 spear
rCold    . . .     Faith    .   (no shield)
rNeg     . . .     Spirit   .   a - +0 robe
rPois    .         Reflect  +   (helmet restricted)
rElec    .         Harm     .   e - +0 cloak
rCorr    .         Rampage  .   (no gloves)
Will     .....                  (boots unavailable)
Stlth    ++........             h - amulet of reflection
HPRegen  0.09/turn              l - ring of magical power
MPRegen  0.16/turn              (no ring)

@: flying quickly and evasively, quick
A: beak, talons 3, able to fly
a: Stop Flying


You were on level 3 of the Dungeon.
You visited 1 branch of the dungeon, and saw 3 of its levels.

You collected 170 gold pieces.

Inventory:

Hand Weapons
 i - a +1 spear (weapon)
Missiles
 b - a throwing net
 o - 5 boomerangs
Armour
 a - a +0 robe (worn)
 e - a +0 cloak (worn)
Jewellery
 c - an uncursed amulet of the acrobat {unknown}
 h - an amulet of reflection (around neck)
 l - a ring of magical power (left hand)
Wands
 j - a wand of digging (1)
Scrolls
 d - a scroll of blinking
Potions
 f - a potion of degeneration
 g - a potion of magic {unknown}
 m - a potion of lignification {unknown}


   Skills:
 - Level 2.1 Dodging
 - Level 2.0 Stealth
 + Level 2.4 Spellcasting
 + Level 4.3 Conjurations
 + Level 4.8 Fire Magic


You had 4 spell levels left.
You knew the following spells:

 Your Spells              Type           Power        Failure   Level
a - Foxfire               Conj/Fire      64%          3%          1
b - Conjure Flame         Conj/Fire      16%          9%          3

Your spell library contained the following spells:

 Spells                   Type           Power        Failure   Level
 Inner Flame              Hex/Fire       9%           22%         3
 Sticky Flame             Conj/Fire      16%          30%         4
 Fireball                 Conj/Fire      8%           63%         5


Dungeon Overview and Level Annotations

Branches:
Dungeon (3/15)

Altars:


Innate Abilities, Weirdness & Mutations

You have a beak for a mouth.
You have claws for feet.
You can fly continuously.


Message History

Casting: Foxfire (safe; 3% risk of failure)
Confirm with . or Enter, or press ? or * to list all spells.
You conjure some foxfire!
The foxfire hits the centaur.
The centaur is heavily wounded.
You hit the centaur but do no damage. You claw the centaur, but do no damage.
The centaur is heavily wounded.
The foxfire hits the centaur.
The centaur is severely wounded.
The centaur unwields a +0 shortbow.
The centaur barely misses you.
Casting: Foxfire (safe; 3% risk of failure)
Confirm with . or Enter, or press ? or * to list all spells.
You conjure some foxfire!
The centaur barely misses you. The centaur hits you!
* * * LOW HITPOINT WARNING * * *
You barely miss the centaur. Your kick misses the centaur.
You peck the centaur.
The centaur is severely wounded.
The foxfire hits the centaur.
The centaur is severely wounded.
The centaur hits you.
You die...

.....###*,**,* #..........#
.......#*,**,* #..........#
...)..(#*,,*.####..........#
##†....###.................#
#.........#,###......######
#..........<..#......#
#...........#(#......#
#...........#.#.######
#.....###....v#@#
************** #.....#
**#,#.c.# *,,,,,,,,,,,,,
#.....# *,#K###
*,,,,,,,,,,,,, *#.....#
**,#.#****,,,,,,,,,,,,,
,,,,,,,*
*,>...,,,,,,,,,,,,,,,,,
,,,,,,,*
*,.....,,,,,,,,,,,,,,,,
,,,,,,,*
*.......,,,,,,,,,,,,,,,
,,,*****
#..>.....,,,*********** ,,,*
#.........,,*


You could see a centaur and a kobold.

Vanquished Creatures
  A gnoll (D:1)
  5 adders
  An ooze (D:3)
  A dart slug (D:1)
  3 leopard geckos
  An orc (D:3)
  A ball python (D:2)
  4 giant cockroaches
  5 goblins
  8 hobgoblins
  8 jackals
  3 quokkas
  8 bats
  A frilled lizard (D:2)
  4 kobolds
  9 rats
63 creatures vanquished.

Vanquished Creatures (others)
  164 foxfires
164 creatures vanquished.

Grand Total: 227 creatures vanquished

Notes
Turn   | Place    | Note
-------+----------+-------------------------------------------
     0 | D:1      | raph the Tengu Fire Elementalist began the quest for the
                  | Orb.
     0 | D:1      | Reached XP level 1. HP: 10/10 MP: 4/4
   508 | D:1      | Reached XP level 2. HP: 15/15 MP: 3/6
   947 | D:1      | Reached XP level 3. HP: 19/19 MP: 5/7
  1280 | D:1      | Learned a level 3 spell: Conjure Flame
  1701 | D:2      | Found a faded altar of an unknown god.
  1712 | D:2      | Reached XP level 4. HP: 24/24 MP: 8/8
  2627 | D:3      | Gained mutation: You can fly continuously. [Tengu growth]
  2627 | D:3      | Reached XP level 5. HP: 28/28 MP: 9/9
  2797 | D:3      | Noticed a centaur
  2807 | D:3      | Slain by a centaur

Illustrated notes

Levels and vault maps discovered:
D:1:      ebering_trefoil_twist, layout_loops_ring, hangedman_decor_push,
          dk_noncrumbling_3, nrook_mini_vaults
D:2:      layout_rooms, serial_curves, eino_curves_02, eino_curves_04,
          eino_curves_02, chequers_ecumenical_altar_island,
          hangedman_decor_clover_reticule, chequers_serial_rivers_micro_d,
          minmay_bisected
D:3:      layout_basic

Skill      XL: |  1  2  3  4 |
---------------+-------------+-----
Conjurations   | 2 3 4 |  4.3
Fire Magic     | 4 |  4.8
Dodging        | |  2.1
Stealth        | |  2.0
Spellcasting   | |  2.4

Action                   |  1- 3 |  4- 6 || total
-------------------------+-------+-------++-------
Melee: Unarmed           |     5 |       ||     5
       Spear             |     7 |    13 ||    20
       Peck              |     2 |     1 ||     3
       Kick              |     1 |     2 ||     3
 Cast: Foxfire           |    58 |    52 ||   110
 Abil: Fly               |       |     1 ||     1
  Use: Scroll            |       |     5 ||     5
 Stab: Sleeping          |     1 |     2 ||     3
Armor: Robe              |     7 |     5 ||    12
Dodge: Dodged            |    16 |    23 ||    39
Block: Other             |     3 |     1 ||     4
       Reflection        |       |     1 ||     1
